 Dungeon Crawl Stone Soup version 0.23-a0-183-gf37f6fb (webtiles) character file.

47 4thArraOfDagon the Slasher (level 3, 0/27 HPs)
             Began as a Mummy Warper on Sept 21, 2018.
             Slain by a leopard gecko (1 damage)
             ... on level 6 of the Dungeon.
             The game lasted 00:01:56 (1233 turns).

4thArraOfDagon the Slasher (Mummy Warper)           Turns: 1233, Time: 00:01:57

Health: 0/27       AC:  3    Str: 14    XL:     3   Next: 48%
Magic:  7/7        EV: 11    Int: 13    God:
Gold:   46         SH:  0    Dex: 11    Spells: 7/7 levels left

rFire    x . .     SeeInvis .   a - +0 falchion
rCold    + . .     Gourm    .   (no shield)
rNeg     + + +     Faith    .   b - +0 leather armour
rPois    ∞         Spirit   .   (no helmet)
rElec    .         Reflect  .   (no cloak)
rCorr    .         Harm     .   (no gloves)
MR       .....                  (no boots)
Stlth    +.........             (no amulet)
HPRegen  0.09/turn              (no ring)
MPRegen  0.10/turn              (no ring)

@: no status effects
A: no food or potions, fire vulnerability, cold resistance 1, negative energy
resistance 3, torment resistance, unbreathing
a: no special abilities


You were on level 6 of the Dungeon.
You were not hungry.

You visited 1 branch of the dungeon, and saw 6 of its levels.

You collected 46 gold pieces.

Inventory:

Hand Weapons
 a - a +0 falchion (weapon)
Armour
 b - a +0 leather armour (worn)
Scrolls
 c - 2 scrolls of teleportation {unknown}
 d - a scroll of blinking
 f - 4 scrolls of fear {unknown}


   Skills:
 - Level 2.0 Fighting
 * Level 3.2 Long Blades
 - Level 0.7 Throwing
 - Level 0.7 Armour
 - Level 1.5 Dodging
 - Level 2.6 Spellcasting
   Level 2.4 Translocations


You had 7 spell levels left.
You didn't know any spells.
Your spell library contained the following spells:

 Spells                   Type           Power        Failure   Level  Hunger
 Blink                    Tloc           N/A          17%         2    N/A
 Shroud of Golubria       Chrm/Tloc      #.........   28%         2    N/A
 Gell's Gravitas          Tloc           #.........   32%         3    N/A
 Lesser Beckoning         Tloc           #.........   32%         3    N/A
 Teleport Other           Tloc           #.......     32%         3    N/A
 Passage of Golubria      Tloc           N/A          73%         4    N/A

Dungeon Overview and Level Annotations

Branches:
Dungeon (6/15)
 Temple: D:4-7

Altars:


Innate Abilities, Weirdness & Mutations

You do not eat or drink.
Your flesh is vulnerable to fire.
You are immune to poison.
Your flesh is cold resistant. (rC+)
You are immune to negative energy. (rN+++)
You are immune to unholy pain and torment.
You can survive without breathing.


Message History

The tomahawk of dispersal misses the leopard gecko.
The leopard gecko barely misses you.
Unknown command.
Throwing (i - inventory)
e - 2 tomahawks of dispersal (quivered)
Press: ? - help, Shift-Dir - straight line, f/p - leopard gecko
Aim: a leopard gecko (lightly wounded)
You throw a tomahawk of dispersal.
The tomahawk of dispersal hits the leopard gecko but does no damage.
The leopard gecko is lightly wounded.
The leopard gecko bites you.
* * * LOW HITPOINT WARNING * * *
The leopard gecko bites you.
* * * LOW HITPOINT WARNING * * *
Throwing (i - inventory)
e - a tomahawk of dispersal (quivered)
Press: ? - help, Shift-Dir - straight line, f/p - leopard gecko
Aim: a leopard gecko (lightly wounded)
You throw a tomahawk of dispersal.
The tomahawk of dispersal closely misses the leopard gecko.
The leopard gecko bites you.
You die... # #. .# . .# ....####.# #.....@l# ...#######

You could see a leopard gecko.

Vanquished Creatures
  An adder (D:2)
  A giant cockroach (D:1)
  5 goblins
  A hobgoblin (D:1)
  12 jackals
  4 quokkas
  5 bats (D:2)
  3 frilled lizards (D:2)
  A rat (D:2)
33 creatures vanquished.

Notes
Turn   | Place    | Note
-------+----------+-------------------------------------------
     0 | D:1      | 4thArraOfDagon the Mummy Warper began the quest for the
                  | Orb.
     0 | D:1      | Reached XP level 1. HP: 16/16 MP: 4/4
    71 | D:2      | Reached skill level 2 in Long Blades
   100 | D:2      | Reached XP level 2. HP: 16/22 MP: 5/5
   721 | D:3      | Reached XP level 3. HP: 19/27 MP: 7/7
   727 | D:3      | Reached skill level 3 in Long Blades
  1213 | D:5      | Entered Level 5 of the Dungeon
  1232 | D:6      | HP: 1/27 [leopard gecko (1)]
  1233 | D:6      | Slain by a leopard gecko

Vault maps used:
D:1:      lemuel_arrival_broad_hall
D:2:      cheibrodos_old_hovel, first_ration
D:3:      nicolae_overflow_hidden_temple
D:4:      cheibrodos_greedy_goblins
D:5:      nicolae_dithmenos_the_darkroom, led_sif_pool

Skill      XL: |  1  2  3 |
---------------+----------+-----
Long Blades    | 2 3 |  3.2
Fighting       | |  2.0
Throwing       | |  0.7
Armour         | |  0.7
Dodging        | |  1.5
Spellcasting   | |  2.6
Translocations | |  2.4

Action                   || total
-------------------------++-------
Melee: Falchion          ||   118
Throw: Tomahawk          ||     5
Armor: Leather armour    ||    56
Dodge: Dodged            ||    97
       Rpst.: Falchion   ||    22

Table legend:
 A = Non-vault XP
 B = Vault XP
 C = Vault XP percentage of total XP
 D = Non-vault monster count
 E = Vault monster count
 F = Vault count percentage of total count
                 A         B        C        D         E       F
            +---------+---------+-------+---------+---------+-------
      Total |      68 |       0 |   0.0 |      33 |       0 |   0.0
            +---------+---------+-------+---------+---------+-------
        D:1 |       4 |       0 |   0.0 |       2 |       0 |   0.0
        D:2 |      34 |       0 |   0.0 |      16 |       0 |   0.0
        D:3 |      12 |       0 |   0.0 |       6 |       0 |   0.0
        D:4 |      18 |       0 |   0.0 |       9 |       0 |   0.0
            +---------+---------+-------+---------+---------+-------
